[Event "November 21 Early 2023"]
[Site "https://www.chess.com"]
[Date "2023.11.21"]
[Round "3"]
[White "Kubicka, Anna"]
[Black "Sonis, Francesco"]
[Result "0-1"]
[Board "85"]
[TimeControl "180+1"]
[WhiteFideId "1152254"]
[BlackFideId "895733"]
[WhiteElo "2042"]
[BlackElo "2435"]
[WhiteTeam "POL"]
[BlackTeam "ITA"]
[WhiteClock "0:00:10"]
[BlackClock "0:01:00"]

1. e4 e5 2. Nf3 Nc6 3. Bb5 a6 4. Ba4 Nf6 5. O-O Be7 6. Re1 b5 7. Bb3 d6 8. c3 O-O 9. h3 Na5 10. Bc2 c5 11. d4 Qc7 12. d5 Bd7 13. Nbd2 c4 14. Nf1 Nb7 15. Ng3 g6 16. Nh2 Nc5 17. Bh6 Rfe8 18. Qf3 a5 19. h4 Qc8 20. Bg5 Ng4 21. Nxg4 Bxg4 22. Qe3 f6 23. Bh6 b4 24. f3 Bd7 25. f4 exf4 26. Bxf4 Bg4 27. Rac1 b3 28. axb3 cxb3 29. Bb1 a4 30. Qf2 a3 31. bxa3 Rxa3 32. Be3 Nd7 33. Bd4 Ne5 34. c4 Qa6 35. c5 dxc5 36. Bxc5 Bxc5 37. Qxc5 b2 38. Rc3 Rxc3 39. Qxc3 Qb6+ 40. Kh2 Rc8 41. Qa3 Qf2 42. Rf1 Qd4 43. Rxf6 Bd7 44. Qe7 Ng4+ 45. Kh1 Nxf6 46. d6 Rc1+ 47. Kh2 Ng4+ 0-1

[Event "November 21 Early 2023"]
[Site "https://www.chess.com"]
[Date "2023.11.21"]
[Round "3"]
[White "Ferreira, Vitor Hugo Vieira"]
[Black "Llorente Zaro, Alfonso"]
[Result "1/2-1/2"]
[Board "86"]
[TimeControl "180+1"]
[WhiteFideId "2119765"]
[BlackFideId "2254131"]
[WhiteElo "2123"]
[BlackElo "2485"]
[WhiteTeam "BRA"]
[BlackTeam "ESP"]
[WhiteClock "0:00:07"]
[BlackClock "0:00:05"]

1. d4 Nf6 2. c4 c5 3. d5 b5 4. cxb5 a6 5. bxa6 g6 6. Nc3 Bg7 7. e4 O-O 8. Nf3 e6 9. d6 Qb6 10. Nd2 Qxd6 11. Be2 Bxa6 12. O-O Nc6 13. Bxa6 Rxa6 14. f4 Qd4+ 15. Kh1 d5 16. e5 Nd7 17. Nb3 Qc4 18. Bd2 Rb8 19. Qf3 Nb4 20. Rac1 Qd3 21. Qf2 Nxa2 22. Nxa2 Rxb3 23. Rc3 Qb5 24. Rxb3 Qxb3 25. Nc1 Qxb2 26. h4 Ra4 27. Nd3 Qc2 28. Ne1 Qf5 29. Nf3 Ra2 30. Qe1 h6 31. Qb1 Qxb1 32. Rxb1 Ra7 33. g4 Bf8 34. h5 gxh5 35. gxh5 Rc7 36. f5 exf5 37. Bf4 Ra7 38. Nh4 c4 39. Nxf5 Kh7 40. Ne3 Bg7 41. Nxd5 Nxe5 42. Rc1 Nd3 43. Rxc4 Ra5 44. Ne3 Rxh5+ 45. Kg2 Rh4 46. Bg3 Rxc4 47. Nxc4 Kg6 48. Kf3 h5 49. Ne3 Be5 50. Bh4 Bf6 51. Bg3 Nc5 52. Nd5 Ne6 53. Ke4 Bg5 54. Nc3 f5+ 55. Kf3 Nd4+ 56. Kg2 h4 57. Bf2 Ne6 58. Nd5 Kh5 59. Nc3 Kg4 60. Ne2 Be7 61. Ng1 Ng5 62. Be3 h3+ 63. Kh2 Bd6+ 64. Kh1 Ne4 65. Ba7 Be5 66. Ne2 Kf3 67. Ng1+ Kg4 68. Ne2 Bc7 69. Bd4 Bd6 70. Ng1 Bc5 71. Bxc5 Nxc5 72. Kh2 Ne4 73. Nxh3 Nd2 74. Kg2 Ne4 75. Ng1 Ng5 76. Ne2 Nh3 77. Kf1 Ng5 78. Nd4 f4 79. Ne2 f3 80. Nd4 Kg3 81. Nxf3 1/2-1/2

[Event "November 21 Early 2023"]
[Site "https://www.chess.com"]
[Date "2023.11.21"]
[Round "3"]
[White "Materia, Marco"]
[Black "Koepke, Christian"]
[Result "1-0"]
[Board "87"]
[TimeControl "180+1"]
[WhiteFideId "45150451"]
[BlackFideId "4655737"]
[WhiteElo "2451"]
[BlackElo "2238"]
[WhiteTeam "FRA"]
[BlackTeam "GER"]
[WhiteClock "0:01:27"]
[BlackClock "0:00:01"]

1. Nf3 d5 2. e3 Bg4 3. c4 c6 4. Nc3 e6 5. b3 Nd7 6. Bb2 Ngf6 7. Be2 Be7 8. O-O O-O 9. d3 a6 10. a4 a5 11. Nd2 Bxe2 12. Qxe2 dxc4 13. bxc4 e5 14. Nce4 Nc5 15. Nxc5 Bxc5 16. Bxe5 Re8 17. Nf3 Ng4 18. Bf4 Qf6 19. Qc2 h6 20. d4 Bb4 21. h3 g5 22. Bg3 h5 23. hxg4 hxg4 24. Ne5 Qe6 25. d5 cxd5 26. cxd5 Qxd5 27. Nxg4 Qe6 28. Qf5 Qxf5 29. Nh6+ Kg7 30. Nxf5+ Kf6 31. Nd6 Re6 32. Rfd1 Rh8 33. Rac1 Kg6 34. Nxb7 f5 35. Nc5 Re7 36. Nd3 Reh7 37. Kf1 f4 38. exf4 Rh1+ 39. Ke2 Re8+ 40. Ne5+ 1-0

[Event "November 21 Early 2023"]
[Site "https://www.chess.com"]
[Date "2023.11.21"]
[Round "3"]
[White "Fier, Alexandr"]
[Black "UNSTOPPABLE_LEGEND"]
[Result "1-0"]
[Board "88"]
[TimeControl "180+1"]
[WhiteFideId "2107139"]
[WhiteElo "2578"]
[BlackElo "2503"]
[WhiteTeam "BRA"]
[WhiteClock "0:02:15"]
[BlackClock "0:00:08"]

1. Nf3 d5 2. g3 c5 3. Bg2 Nc6 4. O-O Nf6 5. c4 d4 6. e3 e5 7. exd4 cxd4 8. Re1 Bd6 9. b4 Bxb4 10. Nxe5 Nxe5 11. Rxe5+ Be7 12. Ba3 Be6 13. Bxb7 Rb8 14. Bc6+ Nd7 15. Qa4 O-O 16. Rxe6 Nb6 17. Bxe7 Qc8 18. Qb5 Qxe6 19. Bxf8 Kxf8 20. Na3 a6 21. Qc5+ Kg8 22. Rb1 Nd7 23. Rxb8+ Nxb8 24. Bd5 Qd7 25. Qxd4 Nc6 26. Qb6 Nd8 27. Qxa6 h5 28. Nb5 h4 29. Qd6 Qe8 30. Kg2 Ne6 31. Bxe6 fxe6 32. Nc7 Qh5 33. Qxe6+ Kh8 34. Qe8+ 1-0

[Event "November 21 Early 2023"]
[Site "https://www.chess.com"]
[Date "2023.11.21"]
[Round "3"]
[White "Rodriguez Fontecha, Marcos"]
[Black "Hulka, Valentyn"]
[Result "0-1"]
[Board "89"]
[TimeControl "180+1"]
[WhiteFideId "2256576"]
[BlackFideId "34107061"]
[WhiteElo "2249"]
[BlackElo "2163"]
[WhiteTeam "ESP"]
[BlackTeam "UKR"]
[WhiteClock "0:00:41"]
[BlackClock "0:01:06"]

1. d4 Nf6 2. Nf3 e6 3. Bf4 d5 4. e3 c5 5. c3 Nc6 6. Nbd2 cxd4 7. exd4 Nh5 8. Bg5 f6 9. Bh4 g6 10. Bd3 Nf4 11. Bf1 Bd6 12. Bg3 O-O 13. Bxf4 Bxf4 14. Bd3 e5 15. dxe5 fxe5 16. Be2 e4 17. Nd4 Nxd4 18. cxd4 Qf6 19. O-O Qxd4 20. Nb3 Qxd1 21. Raxd1 Be6 22. Nc5 Bf7 23. b3 b6 24. Nd7 Rfd8 25. Bg4 Kg7 26. g3 Bd6 27. f3 h5 28. Bh3 Be8 29. Rxd5 Bxd7 30. Bxd7 Rxd7 31. Kg2 Rad8 32. fxe4 Bc5 33. Rfd1 Rxd5 34. exd5 Kf6 35. Kf3 Rd7 36. Ke4 Re7+ 37. Kd3 Ke5 38. Kc4 Kd6 39. Rd2 Re4+ 40. Kb5 a5 41. a3 Bxa3 42. Kxb6 Bb4 43. Rf2 Kxd5 44. Rf6 Re6+ 0-1

[Event "November 21 Early 2023"]
[Site "https://www.chess.com"]
[Date "2023.11.21"]
[Round "3"]
[White "Samunenkov, Ihor"]
[Black "Orlov, Georgi"]
[Result "1-0"]
[Board "90"]
[TimeControl "180+1"]
[WhiteFideId "14187086"]
[BlackFideId "2011271"]
[WhiteElo "2473"]
[BlackElo "2500"]
[WhiteTeam "UKR"]
[BlackTeam "USA"]
[WhiteClock "0:00:34"]
[BlackClock "0:00:00"]

1. e4 d6 2. d4 Nf6 3. Nc3 g6 4. g3 Bg7 5. Bg2 O-O 6. Nge2 e5 7. O-O Re8 8. h3 a6 9. a4 Nc6 10. dxe5 dxe5 11. Bg5 Nd4 12. Nxd4 Qxd4 13. Qf3 Nh5 14. Nd5 Qc5 15. b4 Qc4 16. Rfd1 Be6 17. Bf1 Qc6 18. Ne7+ Rxe7 19. Bxe7 Re8 20. Bc5 b6 21. Be3 Qxc2 22. Bxa6 Bxh3 23. g4 Nf4 24. Bxf4 exf4 25. Rac1 Qxa4 26. Bc4 1-0

[Event "November 21 Early 2023"]
[Site "https://www.chess.com"]
[Date "2023.11.21"]
[Round "3"]
[White "Borsuk, Konstantin"]
[Black "Ynojosa Aponte, Felix Jose"]
[Result "1-0"]
[Board "91"]
[TimeControl "180+1"]
[WhiteFideId "14113406"]
[BlackFideId "3900258"]
[WhiteElo "2410"]
[BlackElo "2433"]
[WhiteTeam "UKR"]
[BlackTeam "VEN"]
[WhiteClock "0:00:19"]
[BlackClock "0:00:31"]

1. d4 Nf6 2. c4 e6 3. Nc3 d5 4. cxd5 exd5 5. Bg5 c6 6. e3 Bd6 7. Bd3 h6 8. Bh4 O-O 9. Nge2 Re8 10. Qc2 a5 11. h3 Na6 12. a3 Nc7 13. Rd1 Bd7 14. Qd2 b5 15. Qc2 a4 16. Na2 Ne6 17. O-O Rc8 18. Nb4 c5 19. Nxd5 cxd4 20. Nxf6+ gxf6 21. Qb1 Kh8 22. Nxd4 Nxd4 23. exd4 Rg8 24. Bf5 Be7 25. d5 Rc4 26. Bg3 Bc5 27. Kh1 Bd4 28. Rfe1 Rg5 29. Bxd7 Qxd7 30. Bh4 Rg6 31. Qe4 Bxb2 32. Qe8+ Qxe8 33. Rxe8+ Kg7 34. d6 Bc3 35. d7 Ba5 36. Bg3 Rc3 37. d8=Q Bxd8 38. Rdxd8 h5 39. Rg8+ Kh6 40. Bf4+ Rg5 41. h4 Kh7 42. hxg5 fxg5 43. Rxg5 Rxa3 44. Be5 Kh6 45. Bf6 Rd3 46. Rh8# 1-0

[Event "November 21 Early 2023"]
[Site "https://www.chess.com"]
[Date "2023.11.21"]
[Round "3"]
[White "Nazari, Arad"]
[Black "Panda Sambit"]
[Result "1-0"]
[Board "92"]
[TimeControl "180+1"]
[WhiteFideId "12577324"]
[BlackFideId "25091794"]
[WhiteElo "2100"]
[BlackElo "2216"]
[WhiteTeam "IRI"]
[BlackTeam "IND"]
[WhiteClock "0:00:31"]
[BlackClock "0:00:01"]

1. e4 c6 2. Nf3 d5 3. Nc3 Bg4 4. h3 Bxf3 5. Qxf3 Nf6 6. Be2 g6 7. O-O Bg7 8. d3 d4 9. Nb1 Nbd7 10. Qg3 h5 11. f4 h4 12. Qf2 Qb6 13. Nd2 e5 14. Nc4 Qc5 15. b4 Qe7 16. fxe5 Nxe5 17. Nxe5 Qxe5 18. Bf4 Qe6 19. Bg5 Nh7 20. Bg4 Nxg5 21. Bxe6 fxe6 22. Qf4 Bh6 23. Qf6 Rg8 24. b5 c5 25. Rf4 Kd7 26. Rxh4 Raf8 27. Qe5 Nf7 28. Qxc5 Be3+ 29. Kh1 g5 30. Rh7 Ke8 31. Rf1 Ne5 32. Qe7# 1-0

[Event "November 21 Early 2023"]
[Site "https://www.chess.com"]
[Date "2023.11.21"]
[Round "3"]
[White "Kanyamarala, Tarun"]
[Black "Sadubayev, Airat"]
[Result "1-0"]
[Board "93"]
[TimeControl "180+1"]
[WhiteFideId "45004714"]
[BlackFideId "13713264"]
[WhiteElo "2318"]
[BlackElo "2137"]
[WhiteTeam "IRL"]
[BlackTeam "KAZ"]
[WhiteClock "0:00:13"]
[BlackClock "0:00:00"]

1. e4 c5 2. Nf3 e6 3. g3 Nc6 4. Bg2 d5 5. exd5 exd5 6. O-O Nf6 7. d4 Bg4 8. Re1+ Be7 9. dxc5 O-O 10. Nc3 Bxc5 11. Bg5 d4 12. Bxf6 Qxf6 13. Ne4 Qf5 14. h3 Bxf3 15. Qxf3 Qxf3 16. Bxf3 Bb4 17. Red1 Rad8 18. Bg2 Rfe8 19. a3 Ba5 20. Nc5 Re7 21. b4 Bb6 22. Nxb7 Rxb7 23. Bxc6 Rc7 24. Be4 g6 25. Kg2 f5 26. Bd3 Kg7 27. a4 Re7 28. a5 Bc7 29. b5 Re5 30. Rdb1 Rd6 31. Ra4 Kf6 32. Rc4 Bd8 33. Ra4 Bc7 34. b6 axb6 35. a6 Rd8 36. a7 Ra8 37. Bb5 1-0

[Event "November 21 Early 2023"]
[Site "https://www.chess.com"]
[Date "2023.11.21"]
[Round "3"]
[White "De Silva, L M S T"]
[Black "BM223344"]
[Result "1-0"]
[Board "94"]
[TimeControl "180+1"]
[WhiteFideId "9953698"]
[WhiteElo "2372"]
[BlackElo "2496"]
[WhiteTeam "SRI"]
[WhiteClock "0:00:38"]
[BlackClock "0:01:08"]

1. Nf3 Nf6 2. c4 g6 3. e3 d6 4. Nc3 Bg7 5. d4 Nbd7 6. Be2 O-O 7. O-O e5 8. dxe5 Nxe5 9. Nxe5 dxe5 10. Qc2 c6 11. a4 a5 12. Rd1 Qc7 13. b3 Be6 14. Ba3 Rfd8 15. Rxd8+ Rxd8 16. Rd1 Ne8 17. Ne4 Bf5 18. g4 Rxd1+ 19. Bxd1 Bxe4 20. Qxe4 Qd7 21. Qc2 Nc7 22. g5 Ne6 23. h4 h6 24. Bg4 hxg5 25. hxg5 Bf8 26. Bb2 Qe7 27. Bxe6 Qxe6 28. Qe4 Be7 29. Qxe5 Qxe5 30. Bxe5 Bd8 31. f4 Kf8 32. Kf2 Ke8 33. Kf3 Kd7 34. e4 Ke6 35. Bc3 b6 36. Kg4 Kd6 37. Bd4 c5 38. Be5+ Ke6 39. Bb8 Kd7 40. f5 Kc6 41. e5 Kd7 42. Kf4 gxf5 43. Kxf5 Be7 44. Bd6 Bd8 45. Bf8 Ke8 46. Bg7 Kd7 47. Bf6 Bc7 48. e6+ fxe6+ 49. Kg6 Bf4 50. Kf7 e5 51. g6 Bh6 52. Bxe5 Kc6 53. g7 Bxg7 54. Kxg7 1-0

[Event "November 21 Early 2023"]
[Site "https://www.chess.com"]
[Date "2023.11.21"]
[Round "3"]
[White "Sattarov, Bobir"]
[Black "Kochiev, Ivan"]
[Result "0-1"]
[Board "95"]
[TimeControl "180+1"]
[WhiteFideId "14203081"]
[BlackFideId "2917890"]
[WhiteElo "2351"]
[BlackElo "2285"]
[WhiteTeam "UZB"]
[BlackTeam "BUL"]
[WhiteClock "0:00:00"]
[BlackClock "0:00:06"]

1. e4 c5 2. Nc3 Nc6 3. Nge2 d6 4. d4 cxd4 5. Nxd4 Nf6 6. Nb3 a6 7. f3 g6 8. Be3 Bg7 9. Qd2 h5 10. O-O-O b5 11. Kb1 Be6 12. h3 Rc8 13. Be2 h4 14. Bg5 Ne5 15. Rhe1 Bc4 16. f4 b4 17. fxe5 bxc3 18. Qe3 Nh7 19. Rxd6 Qc7 20. Rxa6 Nxg5 21. Qxg5 cxb2 22. Qd2 Bxa6 23. Bxa6 Ra8 24. Bb5+ Kf8 25. Qd5 Rd8 26. Qc4 Qxe5 27. a4 Rh5 28. Na5 Qc3 29. Rf1 Bf6 30. Qxc3 Bxc3 31. Nc6 Rc8 32. Ka2 Rc5 33. Kb3 R5xc6 34. Bxc6 Rxc6 35. a5 Bxa5 36. Kxb2 Bc7 37. Kb3 Be5 38. Rf3 g5 39. Rd3 f6 40. Rd8+ Kf7 41. Rd3 Ke6 42. Rf3 Rd6 43. Rf2 Rd4 44. Re2 Kd6 45. c3 Rd3 46. Rc2 Kc5 47. Kb2 Rxc3 48. Rxc3+ Kb4 0-1

[Event "November 21 Early 2023"]
[Site "https://www.chess.com"]
[Date "2023.11.21"]
[Round "3"]
[White "Pourramezanali, Amirreza"]
[Black "Kazmin_Semyon"]
[Result "1-0"]
[Board "96"]
[TimeControl "180+1"]
[WhiteFideId "12511412"]
[WhiteElo "2302"]
[BlackElo "2494"]
[WhiteTeam "IRI"]
[WhiteClock "0:00:35"]
[BlackClock "0:00:03"]

1. e4 e6 2. d4 d5 3. exd5 exd5 4. Bd3 Nc6 5. c3 Bd6 6. Qf3 Nge7 7. Ne2 Ng6 8. g3 Be6 9. h4 Qd7 10. h5 Nge7 11. h6 g6 12. Bg5 O-O-O 13. Nd2 Rhf8 14. O-O-O f6 15. Bf4 Bg4 16. Qg2 Bxe2 17. Bxe2 Bxf4 18. gxf4 Kb8 19. Nb3 b6 20. Kb1 Qf5+ 21. Bd3 Qxf4 22. a4 a5 23. Bb5 Na7 24. Bd3 Nf5 25. Rh3 Qg5 26. Qh2 Nxd4 27. Nxd4 Rfe8 28. Nb5 Nxb5 29. Bxb5 Re7 30. Rhd3 Kb7 31. Rd4 c6 32. Bf1 Qe5 33. Qh3 f5 34. Qd3 c5 35. Qa6+ Kc7 36. Qa7+ Kc8 37. Ba6+ 1-0

[Event "November 21 Early 2023"]
[Site "https://www.chess.com"]
[Date "2023.11.21"]
[Round "3"]
[White "Mohammad Fahad, Rahman"]
[Black "Devaev, Alexander"]
[Result "1-0"]
[Board "97"]
[TimeControl "180+1"]
[WhiteFideId "10207791"]
[BlackFideId "4169395"]
[WhiteElo "2339"]
[BlackElo "2172"]
[WhiteTeam "BAN"]
[BlackTeam "RUS"]
[WhiteClock "0:02:20"]
[BlackClock "0:01:22"]

1. b3 d5 2. Nf3 c5 3. Bb2 a6 4. e3 Nc6 5. Be2 Nf6 6. O-O Qc7 7. c4 dxc4 8. bxc4 Bf5 9. d4 e6 10. d5 Rd8 11. Bxf6 gxf6 12. Qa4 exd5 13. cxd5 Rxd5 14. e4 b5 15. Qxa6 Bxe4 16. Nc3 Nb4 17. Qxb5+ 1-0

[Event "November 21 Early 2023"]
[Site "https://www.chess.com"]
[Date "2023.11.21"]
[Round "3"]
[White "Osmak, Yuliia"]
[Black "Timerkhanov, Alexander"]
[Result "0-1"]
[Board "98"]
[TimeControl "180+1"]
[WhiteFideId "14101602"]
[BlackFideId "24177938"]
[WhiteElo "2303"]
[BlackElo "2278"]
[WhiteTeam "UKR"]
[BlackTeam "RUS"]
[WhiteClock "0:00:00"]
[BlackClock "0:00:31"]

1. e4 c6 2. d4 d5 3. exd5 cxd5 4. Bd3 Nc6 5. c3 Nf6 6. h3 g6 7. Nf3 Bf5 8. Be2 Qc7 9. O-O Bg7 10. Be3 O-O 11. Nbd2 a6 12. Re1 b5 13. Nb3 b4 14. Rc1 bxc3 15. bxc3 Na5 16. Nc5 Nc4 17. Bxc4 dxc4 18. Ne5 Ne4 19. Nxe4 Bxe4 20. Bf4 Qb7 21. Nxc4 Bxg2 22. Na5 Qd5 23. c4 Qf3 24. Qxf3 Bxf3 25. d5 Rfe8 26. Re3 Bh5 27. Nc6 Bf6 28. Rce1 e6 29. d6 Rec8 30. Ne7+ Bxe7 31. dxe7 Re8 32. Bd6 Kg7 33. c5 Rac8 34. Ra3 Rc6 35. Rb1 Be2 36. Rb6 Rcc8 37. Re3 Bb5 38. Kh2 Rc6 39. Re4 Rcc8 40. a4 Bc6 41. Reb4 a5 42. Rd4 f6 43. Ra6 e5 44. Rc4 Kf7 45. Rxa5 Ra8 46. Rxa8 Rxa8 47. Rb4 Bxa4 48. Rb7 Be8 49. Kg3 Ra3+ 50. Kh2 Rc3 51. Rb8 e4 0-1

[Event "November 21 Early 2023"]
[Site "https://www.chess.com"]
[Date "2023.11.21"]
[Round "3"]
[White "reevecanada"]
[Black "Pinero Rodriguez, Carlos Jose"]
[Result "1-0"]
[Board "99"]
[TimeControl "180+1"]
[BlackFideId "3901726"]
[WhiteElo "2692"]
[BlackElo "2191"]
[BlackTeam "VEN"]
[WhiteClock "0:00:55"]
[BlackClock "0:00:14"]

1. e4 c5 2. Nf3 e6 3. b3 Nc6 4. Bb2 b6 5. d4 cxd4 6. Nxd4 Bb7 7. Nd2 a6 8. c4 Qc7 9. Be2 Nf6 10. O-O Nxd4 11. Bxd4 Nxe4 12. Nxe4 Bxe4 13. Bf3 Bxf3 14. Qxf3 Rc8 15. Qg4 f6 16. Rae1 Kf7 17. Qh5+ g6 18. Qf3 Be7 19. Re4 Rhf8 20. Rh4 h5 21. Re1 Qc6 22. Ree4 f5 23. Rhf4 Bg5 24. Qg3 Bxf4 25. Rxf4 d6 26. Rh4 e5 27. Bc3 b5 28. f4 Qc5+ 29. Kh1 bxc4 30. fxe5 cxb3 31. e6+ Kxe6 32. Qxg6+ Kd7 33. Qh7+ Kc6 34. axb3 f4 35. Qe4+ Qd5 36. Qe2 Kb7 37. Rxh5 Rxc3 38. Rxd5 1-0

[Event "November 21 Early 2023"]
[Site "https://www.chess.com"]
[Date "2023.11.21"]
[Round "3"]
[White "Poormosavi, Seyed Kian"]
[Black "Luukkonen, Tommi"]
[Result "0-1"]
[Board "100"]
[TimeControl "180+1"]
[WhiteFideId "12585807"]
[BlackFideId "501808"]
[WhiteElo "2296"]
[BlackElo "2219"]
[WhiteTeam "IRI"]
[BlackTeam "FIN"]
[WhiteClock "0:00:00"]
[BlackClock "0:00:20"]

1. Nf3 d5 2. g3 Nd7 3. Bg2 e5 4. O-O Ngf6 5. d3 Bd6 6. Nbd2 c6 7. e4 O-O 8. Qe2 Re8 9. c3 a5 10. Rd1 h6 11. a4 b6 12. Nf1 Ba6 13. Qc2 Rc8 14. h3 Nf8 15. Ne3 Ng6 16. b3 Qc7 17. Ng4 Nxg4 18. hxg4 Rcd8 19. Nh4 Nxh4 20. gxh4 d4 21. c4 Qe7 22. g5 hxg5 23. hxg5 g6 24. Bh3 Bc8 25. Bxc8 Rxc8 26. Kg2 Kg7 27. Rh1 Rh8 28. Bd2 Qe6 29. f3 f5 30. gxf6+ Qxf6 31. Qd1 Rcf8 32. Qe2 g5 33. Rag1 Qg6 34. Rxh8 Rxh8 35. Kf1 Be7 36. Qg2 Rh5 37. Qg4 Kf7 38. Ke1 Rh2 39. Kd1 Qe6 40. Qxe6+ Kxe6 41. Bxg5 Rb2 42. Bxe7 Kxe7 43. Rg6 Kd7 44. Rg7+ Kd6 45. Rg6+ Kc5 46. Re6 Rxb3 47. Rxe5+ Kb4 48. Ke2 Rb2+ 49. Ke1 Kc3 50. c5 Kxd3 51. cxb6 Rxb6 52. Rxa5 Ke3 53. Kd1 d3 54. Kc1 d2+ 55. Kc2 Rb2+ 56. Kxb2 d1=Q 57. Rc5 Qd4+ 58. Rc3+ Kf4 59. Kb3 c5 60. Kc2 Qxa4+ 61. Kd2 Qd4+ 62. Kc2 c4 63. Kb2 Qd2+ 64. Rc2 Qb4+ 65. Kc1 c3 66. e5 Qd4 67. Re2 Qd3 0-1

[Event "November 21 Early 2023"]
[Site "https://www.chess.com"]
[Date "2023.11.21"]
[Round "3"]
[White "Cruz Mendez, Jean Marco"]
[Black "Jakubowski, Krzysztof"]
[Result "1/2-1/2"]
[Board "101"]
[TimeControl "180+1"]
[WhiteFideId "3526402"]
[BlackFideId "1112848"]
[WhiteElo "2064"]
[BlackElo "2369"]
[WhiteTeam "CUB"]
[BlackTeam "POL"]
[WhiteClock "0:00:29"]
[BlackClock "0:00:02"]

1. Nf3 d5 2. g3 Nf6 3. Bg2 c6 4. O-O Bg4 5. c4 e6 6. d3 Nbd7 7. h3 Bxf3 8. Bxf3 dxc4 9. dxc4 Ne5 10. Qb3 Nxf3+ 11. Qxf3 Bc5 12. Nc3 O-O 13. Rd1 Qa5 14. Kg2 Qb4 15. b3 Rfd8 16. Bg5 Be7 17. Rac1 h6 18. Bxf6 Bxf6 19. Ne4 Be7 20. g4 Qa3 21. Rxd8+ Rxd8 22. Rc2 a5 23. Qc3 f5 24. gxf5 exf5 25. Ng3 Qc5 26. Rd2 g6 27. Rxd8+ Bxd8 28. Qd3 Qe7 29. Qd2 h5 30. e4 h4 31. Ne2 fxe4 32. f3 e3 33. Qd3 Kh7 34. Nc3 Qg5+ 35. Kf1 Be7 36. Ne4 Qf5 37. Qxe3 Qxh3+ 38. Ke2 Qg2+ 39. Nf2 Bf6 40. Qd3 Bg7 41. Qd7 Qh2 42. Qh3 Qe5+ 43. Kf1 g5 44. Qg4 Kh6 45. Kg2 Qb2 46. Qe6+ Bf6 47. Qf7 Bg7 48. Qe6+ Kh7 49. Qf5+ Kh6 50. Qe6+ 1/2-1/2

[Event "November 21 Early 2023"]
[Site "https://www.chess.com"]
[Date "2023.11.21"]
[Round "3"]
[White "Sreyas Payyappat"]
[Black "Koellner, Ruben Gideon"]
[Result "1-0"]
[Board "102"]
[TimeControl "180+1"]
[WhiteFideId "46674969"]
[BlackFideId "12993093"]
[WhiteElo "2043"]
[BlackElo "2347"]
[WhiteTeam "IND"]
[BlackTeam "GER"]
[WhiteClock "0:00:32"]
[BlackClock "0:00:32"]

1. e4 d6 2. d4 Nf6 3. Nc3 e5 4. dxe5 dxe5 5. Qxd8+ Kxd8 6. f4 Bb4 7. Bd2 exf4 8. O-O-O Bg4 9. Be2 Nbd7 10. h3 Bxe2 11. Ngxe2 g5 12. e5 Bxc3 13. Nxc3 Nh5 14. Ne4 Kc8 15. Nxg5 Nxe5 16. Bc3 f6 17. Bxe5 fxe5 18. Rhe1 Re8 19. Nf7 b6 20. Nxe5 Kb7 21. Rd7 Nf6 22. Rf7 Re6 23. Nd3 Rxe1+ 24. Nxe1 Nd5 25. Rxh7 Re8 26. Kd2 Ne3 27. b3 Nf1+ 28. Kd1 Ne3+ 29. Kc1 Nd5 30. Nd3 Re2 31. Rd7 Ne3 32. Nxf4 Rxc2+ 33. Kb1 Rf2 34. g3 Rf3 35. Ne2 Rf1+ 36. Kb2 Rf2 37. Rd2 Nf5 38. Kc3 Rf3+ 39. Rd3 Rf2 40. Nf4 Nxg3 41. Rxg3 Rxf4 42. Kd3 Rf2 43. a4 a5 44. Ke3 Rb2 45. Kf4 c6 46. h4 Rh2 47. Kg5 b5 48. h5 Kb6 49. h6 Kc5 50. Rc3+ Kb4 51. Rxc6 bxa4 52. Rb6+ Ka3 53. bxa4 Kxa4 54. Kg6 Ka3 55. Kg7 a4 56. h7 Ka2 57. Rh6 Rg2+ 58. Kf7 Rf2+ 59. Ke7 Re2+ 60. Kd7 Rd2+ 61. Kc7 Rc2+ 62. Kb7 Rb2+ 63. Ka7 a3 64. h8=Q Rb3 65. Rh2+ Rb2 66. Qg8+ Ka1 67. Rh1+ Rb1 68. Qg2 Rxh1 69. Qxh1+ Kb2 70. Qg2+ Kb1 71. Qf1+ Kc2 72. Qa1 Kb3 73. Ka6 Ka4 74. Kb6 Kb4 75. Kc6 Ka4 76. Kd5 Kb4 77. Kd4 Kb3 78. Kd3 a2 79. Kd2 Ka3 80. Kc1 Kb4 81. Kb2 Kc4 82. Kxa2 Kd3 83. Qg7 Ke3 84. Kb2 Ke4 85. Kc3 Kd5 86. Qf6 Kc5 87. Qe6 Kb5 88. Qc8 Kb6 89. Kc4 Ka5 90. Kc5 Ka4 91. Qb8 Ka3 92. Qb1 Ka4 93. Qb4# 1-0

[Event "November 21 Early 2023"]
[Site "https://www.chess.com"]
[Date "2023.11.21"]
[Round "3"]
[White "Wu, Derek"]
[Black "Ramla2020"]
[Result "1-0"]
[Board "103"]
[TimeControl "180+1"]
[WhiteFideId "30914558"]
[WhiteElo "2211"]
[BlackElo "2471"]
[WhiteTeam "USA"]
[WhiteClock "0:00:09"]
[BlackClock "0:00:00"]

1. d4 Nf6 2. c4 e6 3. Nc3 Bb4 4. Qc2 d5 5. cxd5 Qxd5 6. Nf3 c5 7. Bd2 Bxc3 8. Bxc3 cxd4 9. Nxd4 Nc6 10. Nxc6 bxc6 11. e3 Bb7 12. Rd1 Qg5 13. h4 Qg6 14. Qb3 Bc8 15. Qa3 Nd5 16. Qd6 Bd7 17. h5 Qg5 18. h6 f6 19. e4 Nb6 20. Bb4 f5 21. Rh5 Qf6 22. hxg7 Qxg7 23. Bc3 Qf8 24. Bxh8 Qxh8 25. exf5 Qxb2 26. Be2 Qc3+ 27. Kf1 exf5 28. Rxh7 O-O-O 29. Kg1 Kb7 30. Bf3 a5 31. Rb1 Ka7 32. Qc7+ 1-0

[Event "November 21 Early 2023"]
[Site "https://www.chess.com"]
[Date "2023.11.21"]
[Round "3"]
[White "Agibileg, Uurtsaikh"]
[Black "Pourkashiyan, Atousa"]
[Result "1-0"]
[Board "104"]
[TimeControl "180+1"]
[WhiteFideId "4901606"]
[BlackFideId "12502014"]
[WhiteElo "2288"]
[BlackElo "2221"]
[WhiteTeam "MGL"]
[BlackTeam "USA"]
[WhiteClock "0:00:56"]
[BlackClock "0:00:00"]

1. d4 d5 2. c4 e6 3. Nc3 Nf6 4. cxd5 exd5 5. Bg5 Be7 6. e3 c6 7. Bd3 O-O 8. Nge2 Nbd7 9. O-O Re8 10. Qc2 Nf8 11. f3 Nh5 12. Bxe7 Qxe7 13. e4 dxe4 14. fxe4 Nf6 15. Ng3 Bd7 16. e5 Nd5 17. Nxd5 cxd5 18. Rf4 Ng6 19. Bxg6 fxg6 20. Raf1 Be6 21. h4 Rf8 22. Rxf8+ Rxf8 23. Rxf8+ Kxf8 24. h5 Qh4 25. Qf2+ Kg8 26. hxg6 hxg6 27. Ne2 Qe4 28. Nf4 Bf7 29. Nh3 Qb1+ 30. Kh2 Qc1 31. Qh4 Qh6 32. Qd8+ Kh7 33. Qd7 Bg8 34. e6 g5 35. e7 Bf7 36. Qf5+ Kg8 37. Qxg5 Qd6+ 38. Kh1 Qc6 39. Qf5 Qc7 40. Qe6 Qc1+ 41. Kh2 Qc7+ 42. Qe5 Qc8 43. Ng5 a6 44. Qd6 1-0

[Event "November 21 Early 2023"]
[Site "https://www.chess.com"]
[Date "2023.11.21"]
[Round "3"]
[White "Yen, William"]
[Black "Preobrazhenska_D2011"]
[Result "1-0"]
[Board "105"]
[TimeControl "180+1"]
[WhiteFideId "30932025"]
[WhiteElo "1956"]
[BlackElo "2467"]
[WhiteTeam "USA"]
[WhiteClock "0:00:31"]
[BlackClock "0:00:04"]

1. e4 c5 2. Nf3 d6 3. d4 cxd4 4. Nxd4 Nf6 5. Nc3 a6 6. Be2 e5 7. Nb3 Be7 8. O-O O-O 9. Kh1 Nc6 10. Be3 b5 11. f3 Bb7 12. Qd2 Qc7 13. Rad1 Nb8 14. a4 b4 15. Nd5 Nxd5 16. exd5 a5 17. f4 Nd7 18. fxe5 Nxe5 19. Bd4 Ng6 20. c4 Rfd8 21. Bd3 Qd7 22. Qe3 Bf8 23. Qg3 Qxa4 24. h4 Qxb3 25. h5 Qa4 26. hxg6 hxg6 27. b3 Qd7 28. Rf4 a4 29. bxa4 Rxa4 30. Rdf1 f6 31. Bxg6 Ra3 32. Qh4 Be7 33. Qh7+ Kf8 34. Qh8# 1-0

[Event "November 21 Early 2023"]
[Site "https://www.chess.com"]
[Date "2023.11.21"]
[Round "3"]
[White "Volkov, Maksim"]
[Black "Kopczynski, Michal"]
[Result "1-0"]
[Board "106"]
[TimeControl "180+1"]
[WhiteFideId "54123070"]
[BlackFideId "1124200"]
[WhiteElo "2293"]
[BlackElo "2174"]
[WhiteTeam "RUS"]
[BlackTeam "POL"]
[WhiteClock "0:00:05"]
[BlackClock "0:00:00"]

1. e4 b6 2. Nc3 Bb7 3. a4 e6 4. a5 bxa5 5. Rxa5 c5 6. Ra2 Nf6 7. d3 d5 8. e5 Nfd7 9. f4 d4 10. Ne4 Nxe5 11. fxe5 Bxe4 12. dxe4 Qh4+ 13. g3 Qxe4+ 14. Kf2 Qxh1 15. Bg2 Qxh2 16. Qf3 Be7 17. Qxa8 O-O 18. Rxa7 Nd7 19. Nf3 Qh5 20. Qc6 Nxe5 21. Nxe5 Qxe5 22. Bf4 Qf6 23. Qd7 Bd8 24. Kg1 e5 25. Bd2 c4 26. Bb4 d3 27. cxd3 Qb6+ 28. Kh2 Qxb4 29. dxc4 Qxc4 30. Qd2 h5 31. Rd7 Bb6 32. Bd5 Qc5 33. b4 Qg1+ 34. Kh3 Qf1+ 35. Bg2 Qf5+ 36. Kh2 h4 37. Rd3 hxg3+ 38. Rxg3 e4 39. Qc3 g6 40. Qc6 Bd4 41. Bxe4 Qh5+ 42. Kg2 Kg7 43. Bf3 Qe5 44. Rh3 Re8 45. Qc4 Rd8 46. Bg4 Qf6 47. Rf3 Qe5 48. Qxf7+ Kh6 49. Rh3+ Kg5 50. Bf3 Qf4 51. Rg3+ 1-0